 Dungeon Crawl Stone Soup version 0.25-a0-163-g00f8f0cddd (webtiles) character file.

Game seed: 2734354964361157934, levelgen mode: deterministic

23 RedPan the Chiller (level 2, -1/20 HPs)
             Began as a Draconian Ice Elementalist on Nov 22, 2019.
             Slain by an iguana (8 damage)
             ... on level 1 of the Dungeon.
             The game lasted 00:01:18 (874 turns).

RedPan the Chiller (Draconian Ice Elementalist)      Turns: 874, Time: 00:01:18

Health: -1/20      AC:  4    Str: 10    XL:     2   Next: 72%
Magic:  4/5        EV: 12    Int: 15    God:
Gold:   53         SH:  0    Dex: 11    Spells: 5/6 levels left

rFire    . . .     SeeInvis .   c - +0 dagger
rCold    . . .     Gourm    .   (no shield)
rNeg     . . .     Faith    .   (armour unavailable)
rPois    .         Spirit   .   (helmet restricted)
rElec    .         Reflect  .   (no cloak)
rCorr    .         Harm     .   (no gloves)
MR       .....                  (no boots)
Stlth    ++........             (no amulet)
HPRegen  0.06/turn              (no ring)
MPRegen  0.09/turn              (no ring)

@: no status effects
A: unfitting armour, cold-blooded, AC +4
a: no special abilities


You were on level 1 of the Dungeon.
You were not hungry.

You visited 1 branch of the dungeon, and saw 2 of its levels.

You collected 53 gold pieces.

Inventory:

Hand Weapons
 c - a +0 dagger (weapon)
Missiles
 f - 17 stones (quivered)
Jewellery
 e - an uncursed ring of fire {unknown}
Potions
 d - 3 potions of curing {unknown}
Comestibles
 a - 2 chunks of flesh
 b - a ration


   Skills:
 - Level 1.7 Dodging
 - Level 1.7 Stealth
 + Level 2.6 Spellcasting
   Level 1.0 Conjurations
 + Level 3.5 Ice Magic


You had 5 spell levels left.
You knew the following spells:

 Your Spells              Type           Power        Failure   Level  Hunger
a - Freeze                Ice            ##..         4%          1    #......

Your spell library contained the following spells:

 Spells                   Type           Power        Failure   Level  Hunger
 Throw Frost              Conj/Ice       #.....       12%         2    ###....
 Ozocubu's Armour         Chrm/Ice       #.......     30%         3    ###....
 Throw Icicle             Conj/Ice       #.......     63%         4    #####..
 Summon Ice Beast         Ice/Summ       #.......     69%         4    #####..


Dungeon Overview and Level Annotations

Branches:
Dungeon (2/15)

Altars:


Innate Abilities, Weirdness & Mutations

Your plain brown scales are hard. (AC +4)
You cannot fit into any form of body armour.
You are cold-blooded and may be slowed by cold attacks.


Message History

You freeze the adder!
You kill the adder!
The iguana barely misses you.
There is a stone staircase leading up here.
The iguana barely misses you.
You climb upwards.
There is a stone staircase leading down here.
The iguana bites you!
Ouch! That really hurt!
* * * LOW HITPOINT WARNING * * *
You see here a +0 dagger.
Casting: Freeze (safe; 4% risk of failure)
Confirm with . or Enter, or press ? or * to list all spells.
Aiming: Freeze (safe; 4% risk of failure)
Press: ? - help, Shift-Dir - straight line, f - iguana
Aim: an iguana You freeze the iguana.
The iguana is moderately wounded.
The iguana seems to slow down.
The iguana bites you!
You die...

#..#...[(#............
#..###.###............
#...................>.
#.##..####.........+##
#)###..............8.≈
#.# ###...........#.≈≈
#.# #...........#.≈≈
#.#####...........#.≈.
#....@l.......>...+.≈.
######............+.≈.
#......#######.≈≈
#......# #..≈ #......#
#≈.. #......# #≈≈.
#......# ##≈≈ #......#
### #......#


You could see an iguana.

Vanquished Creatures
  An adder (D:2)
  2 giant cockroaches (D:1)
  4 goblins (D:1)
  2 hobgoblins (D:1)
  A kobold (D:1)
  A bat (D:1)
  2 frilled lizards (D:1)
13 creatures vanquished.

Notes
Turn   | Place    | Note
-------+----------+-------------------------------------------
     0 | D:1      | RedPan the Draconian Ice Elementalist began the quest for
                  | the Orb.
     0 | D:1      | Reached XP level 1. HP: 14/14 MP: 3/3
   365 | D:1      | You fall into a shaft and drop 1 floor!
   384 | D:1      | Reached XP level 2. HP: 17/20 MP: 3/5
   874 | D:1      | Slain by an iguana

Levels and vault maps discovered:
D:1:      psy_arrival_whirlpool, layout_basic, grunt_decor_clamped,
          ebering_dispersal_statue_hall, minmay_misc_feat_ornament,
          minmay_split_cup_large
D:2:      lemuel_upstairs_altar, layout_basic, okawaru_metal_pillars_1_2,
          marbit_many_paths, kennysheep_generic_room_5

Action                   || total
-------------------------++-------
Melee: Dagger            ||    12
       Tailslap          ||     2
 Cast: Freeze            ||    16
Armor: Skin              ||     4
Dodge: Dodged            ||    15

Table legend:
 A = Non-vault XP
 B = Vault XP
 C = Vault XP percentage of total XP
 D = Non-vault monster count
 E = Vault monster count
 F = Vault count percentage of total count
                 A         B        C        D         E       F
            +---------+---------+-------+---------+---------+-------
      Total |      27 |       6 |  18.2 |       9 |       4 |  30.8
            +---------+---------+-------+---------+---------+-------
        D:1 |      14 |       6 |  30.0 |       8 |       4 |  33.3
        D:2 |      13 |       0 |   0.0 |       1 |       0 |   0.0
            +---------+---------+-------+---------+---------+-------
